Map: Triton LE

Players

Astrea - Winner!

  • Race: Protoss Protoss
  • League: Grandmaster
  • Spawn Location: 11:00

Super

  • Race: Protoss Protoss
  • Spawn Location: 5:00

VOD

Have the link to the VOD?

Description

Time

  • Played on: Jan. 15, 2020, 5:52 a.m.
  • Length: 16:30
Show
View Real Time Build Order
Export as new Build Order

Astrea Protoss - Winner!

Build Orders: Phoenix Opening, Archon Immortal 

Get SALT Encoding   

  12  0:00  Probe  
  13  0:12  Probe  
  14  0:17  Pylon  
  14  0:24  Probe (Chrono Boost)  
  16  0:37  Probe (Chrono Boost)  
  16  0:38  Gateway  
  16  0:42  Probe (Chrono Boost)  
  16  0:45  Assimilator  
  17  0:51  Probe  
  17  0:53  Assimilator  
  18  1:03  Probe (Chrono Boost)  
  19  1:06  Gateway  
  19  1:12  Probe (Chrono Boost)  
  19  1:17  Probe (Chrono Boost)  
  20  1:25  Cybernetics Core  
  21  1:29  Probe  
  22  1:34  Pylon  
  22  1:41  Probe  
  23  1:53  Probe  
  24  1:59  Warp Gate (Chrono Boost)  
  24  2:02  Sentry, Stalker  
  24  2:06  Probe  
  29  2:13  Pylon  
  29  2:18  Probe  
  29  2:22  Pylon  
  30  2:30  Probe  
  30  2:32  Sentry  
  35  2:39  Phoenix  
  35  2:42  Probe  
  36  2:47  Nexus  
  34  2:54  Probe  
  34  2:56  Sentry  
  37  3:02  Pylon  
  37  3:07  Probe  
  37  3:09  Stalker  
  39  3:17  Robotics Facility  
  39  3:20  Probe (Chrono Boost)  
  40  3:31  Probe (Chrono Boost)  
  41  3:35  Probe (Chrono Boost)  
  42  3:41  Forge  
  42  3:47  Probe  
  43  3:52  Adept  
  43  3:53  Adept  
  47  4:00  Probe (Chrono Boost)  
  49  4:04  Probe (Chrono Boost), Observer  
  49  4:06  Protoss Ground Weapons Level 1 (Chrono Boost)  
  49  4:09  Probe (Chrono Boost)  
  51  4:13  Probe (Chrono Boost)  
  51  4:14  Probe (Chrono Boost)  
  53  4:22  Twilight Council  
  53  4:23  Probe  
  54  4:26  Probe  
  54  4:27  Assimilator  
  55  4:33  Immortal  
  55  4:35  Probe  
  60  4:38  Probe  
  60  4:39  Assimilator  
  60  4:41  Pylon  
  61  4:47  Probe  
  62  4:53  Pylon  
  62  4:59  Probe  
  63  5:04  Probe  
  64  5:11  Probe  
  64  5:13  Gateway, Immortal  
  69  5:16  Gateway  
  69  5:18  Gateway  
  69  5:21  Templar Archives  
  69  5:24  Charge  
  69  5:28  Pylon  
  69  5:38  Gateway  
  69  5:41  Pylon  
  69  5:47  Protoss Ground Weapons Level 2 (Chrono Boost)  
  67  5:56  Observer  
  65  6:06  Gateway  
  65  6:07  High Templar x2  
  65  6:09  Gateway  
  65  6:10  Warp Prism  
  71  6:11  Archon  
  71  6:14  Gateway  
  71  6:15  Zealot  
  71  6:16  Pylon  
  73  6:29  Zealot x2  
  77  6:36  Pylon  
  77  6:43  High Templar x2, Zealot x2  
  85  6:47  Archon  
  85  6:55  Pylon  
  85  6:57  Nexus  
  84  7:06  Immortal  
  88  7:14  High Templar x2  
  92  7:18  Nexus  
  92  7:19  Archon  
  92  7:20  Pylon  
  92  7:36  Probe x2  
  94  7:40  High Templar x2  
  98  7:44  Archon, Zealot x5  
  98  7:50  Probe x2  
  98  7:51  Pylon  
  110  7:57  Protoss Ground Weapons Level 3 (Chrono Boost)  
  110  8:09  Probe x2, Immortal  
  116  8:26  Zealot  
  116  8:39  High Templar x2, Zealot x2  
  116  8:40  Zealot x4  
  130  8:42  Pylon x2  
  130  8:44  Pylon  
  130  8:47  Archon  
  128  8:51  Zealot  
  128  8:55  Observer  
  128  9:01  Zealot x4, Shield Battery  
  130  9:04  Shield Battery  
  130  9:11  High Templar x2  
  130  9:13  Immortal  
  130  9:15  Archon  
  136  9:24  Archon x2  
  136  9:28  Zealot x5  
  136  9:29  Zealot  
  142  9:42  High Templar  
  142  9:43  High Templar, Zealot  
  142  9:50  Archon  
  142  9:51  Zealot x5  
  148  9:53  Zealot  
  150  10:00  Pylon  
  150  10:01  Assimilator  
  150  10:02  Assimilator  
  150  10:06  Observer  
  150  10:11  Robotics Bay  
  150  10:15  High Templar  
  150  10:16  High Templar  
  150  10:20  Pylon  
  154  10:22  Archon  
  154  10:23  Pylon  
  154  10:32  Protoss Shields Level 1 (Chrono Boost)  
  154  10:41  Observer  
  154  10:50  Photon Cannon, Robotics Facility  
  154  10:52  Photon Cannon  
  154  10:55  Photon Cannon, Disruptor (Chrono Boost)  
  153  11:20  High Templar x2, Zealot x4  
  153  11:21  Zealot x3  
  171  11:27  Pylon  
  171  11:28  Archon  
  171  11:29  Disruptor (Chrono Boost)  
  175  11:41  Disruptor (Chrono Boost)  
  173  11:50  High Templar x2, Zealot x5  
  187  11:54  Archon  
  187  11:57  Disruptor  
  187  11:59  Zealot x2  
  139  12:11  Zealot x5  
  121  12:23  Zealot x3  
  121  12:27  Zealot  
  115  12:33  High Templar x4  
  120  12:37  Archon x2  
  120  12:40  Blink (Chrono Boost)  
  120  12:42  Observer (Chrono Boost)  
  121  12:49  Protoss Shields Level 2 (Chrono Boost)  
  121  13:11  Colossus (Chrono Boost)  
  121  13:18  Extended Thermal Lance, Nexus  
  127  13:24  Zealot  
  127  13:25  Pylon  
  128  13:40  Colossus (Chrono Boost)  
  132  13:47  Nexus  
  128  13:57  Pylon  
  128  13:58  Colossus (Chrono Boost)  
  128  13:59  Pylon, High Templar x2  
  134  14:09  Archon  
  114  14:24  Zealot x2  
  114  14:25  Stalker x5  
  128  14:34  Observer (Chrono Boost)  
  128  14:36  Probe x2  
  128  14:37  Probe  
  132  14:38  Photon Cannon  
  132  14:40  Shield Battery  
  132  14:47  High Templar x2, Zealot  
  132  14:51  Archon  
  138  14:54  High Templar  
  138  14:55  High Templar  
  138  14:57  Zealot x2  
  146  15:00  Archon  
  146  15:14  Stalker x3  
  150  15:25  High Templar x2, Zealot x2  
  158  15:29  Archon  
  158  15:30  Zealot x2  
  162  15:41  Stalker x3  
  164  15:44  Warp Prism (Chrono Boost)  
  158  16:11  Zealot x7  
Show
View Real Time Build Order
Export as new Build Order

Super Protoss 

Build Orders: Phoenix Opening, Blink Stalkers, Zealot Archon 

Get SALT Encoding   

  12  0:00  Probe  
  13  0:12  Probe  
  14  0:17  Pylon  
  14  0:24  Probe  
  15  0:35  Gateway  
  15  0:37  Probe (Chrono Boost)  
  16  0:46  Probe (Chrono Boost)  
  16  0:47  Assimilator  
  17  0:51  Probe (Chrono Boost)  
  17  0:54  Assimilator  
  18  1:03  Probe (Chrono Boost)  
  19  1:07  Gateway  
  19  1:13  Probe (Chrono Boost)  
  19  1:18  Probe (Chrono Boost)  
  20  1:23  Cybernetics Core  
  21  1:30  Probe  
  22  1:35  Pylon  
  22  1:42  Probe  
  23  1:54  Probe  
  24  1:59  Stalker  
  24  2:00  Warp Gate, Sentry  
  28  2:11  Pylon  
  28  2:26  Sentry  
  30  2:34  Sentry  
  32  2:41  Nexus  
  32  2:43  Probe  
  33  2:45  Phoenix  
  33  2:55  Probe  
  34  3:00  Twilight Council  
  34  3:07  Probe (Chrono Boost)  
  34  3:09  Gateway  
  36  3:20  Probe (Chrono Boost)  
  36  3:26  Probe (Chrono Boost)  
  37  3:30  Forge  
  37  3:31  Phoenix  
  37  3:34  Probe  
  37  3:39  Blink  
  38  3:46  Probe (Chrono Boost)  
  39  3:53  Probe (Chrono Boost)  
  40  3:58  Probe (Chrono Boost)  
  40  4:00  Protoss Ground Weapons Level 1 (Chrono Boost)  
  42  4:03  Probe (Chrono Boost)  
  42  4:04  Probe (Chrono Boost)  
  42  4:08  Probe (Chrono Boost)  
  43  4:12  Probe  
  43  4:13  Pylon  
  43  4:16  Phoenix  
  45  4:19  Pylon  
  45  4:20  Probe  
  46  4:24  Probe  
  46  4:29  Assimilator  
  46  4:30  Assimilator  
  47  4:31  Robotics Facility  
  47  4:32  Probe  
  47  4:36  Probe  
  49  4:39  Templar Archives  
  49  4:45  Probe  
  50  4:48  Probe  
  51  4:57  Probe  
  52  5:01  Probe  
  52  5:04  Phoenix, Stalker x2  
  52  5:05  Stalker  
  59  5:17  Gateway  
  59  5:19  Gateway  
  59  5:21  Gateway, Observer (Chrono Boost)  
  59  5:24  Gateway  
  59  5:26  Gateway  
  60  5:33  Stalker x3  
  66  5:44  Immortal (Chrono Boost)  
  66  5:47  Pylon  
  70  5:58  Protoss Ground Weapons Level 2 (Chrono Boost)  
  70  6:03  Nexus  
  70  6:04  Pylon  
  70  6:10  Pylon  
  70  6:31  Immortal  
  74  6:35  High Templar x2, Zealot x4  
  74  6:39  Archon  
  86  6:44  Pylon, Zealot  
  86  6:45  Zealot  
  90  6:53  Pylon  
  89  7:03  Phoenix  
  89  7:10  High Templar x2, Zealot x4, Observer  
  89  7:14  Pylon  
  89  7:15  Pylon  
  102  7:26  Archon  
  102  7:38  High Templar x2, Zealot x4, Warp Prism (Chrono Boost)  
  116  7:44  Archon  
  116  7:54  Probe x3  
  116  7:58  Pylon  
  119  8:01  Charge (Chrono Boost)  
  119  8:08  High Templar x2, Zealot x4  
  131  8:13  Archon  
  131  8:16  Pylon x2  
  131  8:31  Zealot x5  
  131  8:41  Pylon  
  131  8:43  Pylon  
  131  8:47  Pylon  
  131  8:49  Pylon  
  131  8:50  Zealot  
  133  8:57  Pylon  
  133  9:00  Pylon  
  133  9:08  Zealot x2  
  133  9:09  Zealot x5  
  147  9:13  Photon Cannon  
  147  9:14  Zealot  
  149  9:29  Zealot x6  
  151  9:43  Stargate  
  151  9:44  Stargate  
  149  9:48  Probe x3 (Chrono Boost)  
  151  9:59  Probe x3 (Chrono Boost)  
  154  10:04  Probe x3 (Chrono Boost)  
  157  10:22  High Templar x4  
  157  10:26  Archon x2  
  165  10:30  Stalker x4  
  173  10:42  Probe  
  173  10:45  Pylon x2  
  173  10:46  Pylon  
  173  10:57  Pylon  
  173  10:58  Pylon  
  173  11:03  Phoenix x2, Probe x2  
  177  11:16  Zealot x5  
  177  11:17  Zealot  
  189  11:22  Zealot x2  
  193  11:32  Phoenix x2  
  197  11:43  Photon Cannon  
  197  11:59  Zealot x8  
  99  12:19  Zealot x7  
  69  12:32  Phoenix  
  69  12:33  Phoenix  
  69  12:40  Assimilator x2  
  69  12:41  Probe x3  
  72  12:44  High Templar  
  72  12:45  High Templar x5  
  72  12:49  Archon x2  
  72  12:50  Archon  
  84  12:56  Phoenix (Chrono Boost)  
  84  12:57  Phoenix (Chrono Boost)  
  88  13:21  High Templar x2, Zealot  
  88  13:22  Zealot  
  88  13:26  Nexus  
  96  13:35  Phoenix  
  96  13:36  Phoenix, Archon  
  85  13:56  Probe x3  
  85  13:59  Zealot x6  
  96  14:17  Probe (Chrono Boost)  
  96  14:18  Probe x2 (Chrono Boost)  
  99  14:28  Probe x3 (Chrono Boost)  
  102  14:33  Probe x3 (Chrono Boost)  
  105  14:40  High Templar x3  
  105  14:41  High Templar x3  
  105  14:44  Archon  
  105  14:45  Archon  
  117  14:52  Archon  
  117  14:53  Probe x3  
  117  14:54  Probe  
  117  14:56  Pylon  
  117  14:57  High Templar x2  
  125  15:01  Archon  
  125  15:16  Zealot x6  
  137  15:40  Zealot x5  
  140  16:00  Zealot x5  
  138  16:18  High Templar x2, Zealot  
Tags
 
Add a new tag
Caveats
  • Supply blocks, unpowered buildings, or Contaminate may cause inaccurate times.
  • Supply counts are checked every 10 seconds.